 Dungeon Crawl Stone Soup version 0.32-a0-128-g77eb882913 (webtiles) character file.

Game seed: 14113499806119070387

57 whatisthis the Magician (level 4, -6/39 HPs)
             Began as an Oni Air Elementalist on Feb 8, 2024.
             Mangled by an iguana (10 damage)
             ... on level 3 of the Dungeon.
             The game lasted 00:04:41 (2566 turns).

whatisthis the Magician (Oni Air Elementalist)      Turns: 2566, Time: 00:04:42

Health: -6/39      AC:  3    Str: 12    XL:     4   Next: 0%
Magic:  5/9        EV:  9    Int: 18    God:
Gold:   191        SH:  0    Dex:  9    Spells: 8/9 levels left

rFire   . . .        g - +2 dagger (venom)
rCold   . . .        (no shield)
rNeg    . . .        a - +0 robe
rPois   .            (helmet restricted)
rElec   .            (no cloak)
rCorr   .            (gloves unavailable)
SInv    .            (boots unavailable)
Will    .....        (no amulet)
Stlth   +            (no ring)
HPRegen 0.26/turn    (no ring)
MPRegen 0.11/turn

%: no passive effects
@: no status effects
A: large, unfitting armour, horns 1, tough skin 1, double potion healing,
drunken brawling
a: no special abilities


You were on level 3 of the Dungeon.
You visited 1 branch of the dungeon, and saw 4 of its levels.

You collected 191 gold pieces.

Inventory:

Hand Weapons
 f - the +10 sling of Nugrunos {freeze, rN+ Str+4}
   (You found it on level 3 of the Dungeon)

   Str+4:     It affects your strength (+4).
   rN+:       It protects you from negative energy.
 g - a +2 dagger of venom (weapon)
Missiles
 i - 2 poisoned darts
 l - 4 javelins
Armour
 a - a +0 robe (worn)
Scrolls
 c - a scroll of enchant weapon {unknown}
 d - 5 scrolls of identify {unknown}
 e - a scroll of summoning {unknown}
 h - a scroll of torment {unknown}
Potions
 b - a potion of magic
 j - 2 potions of curing {unknown}
 k - a potion of might {unknown}


   Skills:
 - Level 1.7 Dodging
 - Level 1.4 Stealth
 + Level 3.3 Spellcasting
 + Level 1.9 Conjurations
 + Level 3.3 Air Magic


You had 8 spell levels left.
You knew the following spells:

 Your Spells              Type           Power      Damage    Failure   Level
a - Shock                 Conj/Air       48%        1d6       5%          1

Your spell library contained the following spells:

 Spells                   Type           Power      Damage    Failure   Level
 Static Discharge         Conj/Air       24%        3-4/arc   9%          2
 Swiftness                Air            14%        N/A       12%         3
 Slow                     Hex            12%        N/A       16%         1
 Airstrike                Air            7%         2d(1-17)  38%         4
 Confusing Touch          Hex            3%         N/A       43%         3
 Sigil of Binding         Hex            3%         N/A       43%         3
 Vampiric Draining        Necr           3%         2d6       43%         3


Dungeon Overview and Level Annotations

Branches:
Dungeon (4/15)
 Temple: D:4-7

Altars:

Portals:
Abyss: D:3

Annotations:
D:3 2 transporters, lupinibeans's ghost, amateur MfIE


Innate Abilities, Weirdness & Mutations

You are too large for most types of armour.
You have a pair of small horns on your head.
You have tough skin. (AC +1)
You gain doubled healing and magic from potions.
Whenever you drink a healing potion, you attack all around you.


Message History

The iguana bites you.
You climb upwards.
Level annotation: 2 transporters, lupinibeans's ghost, amateur MfIE
There is a stone staircase leading down here.
Aiming: Shock (safe; 5% risk of failure)
Press: ? - help, Q - select action, (/) - cycle Shift-Dir - straight line, f - iguana
Aim: an iguana (lightly wounded, 72% to hit)
The zap hits the iguana.
The iguana is moderately wounded.
The iguana bites you.
Aiming: Shock (safe; 5% risk of failure)
Press: ? - help, Q - select action, (/) - cycle Shift-Dir - straight line, f/p - iguana
Aim: an iguana (moderately wounded, 72% to hit)
The zap hits the iguana.
The iguana is moderately wounded.
The iguana bites you.
* * * LOW HITPOINT WARNING * * *
Aiming: Shock (safe; 5% risk of failure)
Press: ? - help, Q - select action, (/) - cycle Shift-Dir - straight line, f/p - iguana
Aim: an iguana (moderately wounded, 72% to hit)
The zap hits the iguana but does no damage.
The iguana is moderately wounded.
The iguana bites you but does no damage.
Aiming: Shock (safe; 5% risk of failure)
Press: ? - help, Q - select action, (/) - cycle Shift-Dir - straight line, f/p - iguana
Aim: an iguana (moderately wounded, 72% to hit)
The zap hits the iguana.
The iguana is severely wounded.
The iguana bites you!
* * * LOW HITPOINT WARNING * * *
Okay, then.
Okay, then.
The +10 sling of Nugrunos {freeze, rN+ Str+4} stops glowing.
Your +2 dagger of venom begins to drip with poison!
g - a +2 dagger of venom (weapon)
The iguana barely misses you.
You barely miss the iguana.
The iguana is severely wounded.
The iguana bites you!
You die...

.#######.#...#### .#
#........# ##
###...>..#### #
##........#
###########.....##.#
................##.#
....#########.####.##
........#####.###...##
....###.........@l...#
...####.#####.###>...#
#....>..#####.# ##.#.#
#......[...†..# #.#.#
#..####.#####.# #.÷.#
#............)# #..##
#..####.####### #..#
#..####.# #..#
........# #..#


You could see an iguana.

Vanquished Creatures
  An adder (D:3)
  A dart slug (D:1)
  3 ribbon worms
  2 ball pythons (D:3)
  3 endoplasms
  4 goblins
  7 hobgoblins
  4 jackals (D:2)
  A quokka (D:2)
  3 bats
  2 frilled lizards
  2 kobolds
  3 rats
36 creatures vanquished.

Notes
Turn   | Place    | Note
-------+----------+-------------------------------------------
     0 | D:1      | whatisthis the Oni Air Elementalist began the quest for the
                  | Orb.
     0 | D:1      | Reached XP level 1. HP: 16/16 MP: 3/3
     6 | D:1      | Noticed a wolf
     6 | D:1      | Noticed a swamp worm
     6 | D:1      | Noticed a wyvern
     7 | D:1      | Noticed an anaconda
     7 | D:1      | Noticed a black bear
   125 | D:1      | Reached skill level 1 in Conjurations
   215 | D:1      | Reached XP level 2. HP: 24/24 MP: 1/5
   945 | D:2      | Found a faded altar of an unknown god.
   993 | D:2      | Reached XP level 3. HP: 31/31 MP: 0/7
  1920 | D:3      | Identified the +10 sling of Nugrunos {freeze, rN+ Str+4}
  2011 | D:3      | Found a one-way gate to the infinite horrors of the Abyss.
  2011 | D:3      | Noticed lupinibeans's ghost (amateur MfIE)
  2084 | D:3      | Found a transporter.
  2089 | D:3      | Noticed a small abomination
  2112 | D:3      | Noticed a small abomination
  2148 | D:3      | Found a transporter.
  2287 | D:3      | Reached XP level 4. HP: 39/39 MP: 9/9
  2553 | D:4      | Noticed a scorpion
  2566 | D:3      | Mangled by an iguana

Illustrated notes

Levels and vault maps discovered:
D:1:      onia_arrival_zoo_common, layout_rooms
D:2:      layout_basic, hellmonk_ecumenical_altar_prayer_group
D:3:      layout_loops_ring, gammafunk_ghost_abyssal_escape, fountainhead,
          chequers_serial_rivers_micro_b
D:4:      layout_basic, mainiacjoe_overflow_tiny_flanked,
          minmay_temple_entry_water_ring, corexii_item_surrounded_by_moat,
          dk_rats_in_the_wall

Skill      XL: |  1  2 |
---------------+-------+-----
Conjurations   | 1 |  1.9
Air Magic      | 3 |  3.3
Spellcasting   | 3 |  3.3
Dodging        | |  1.7
Stealth        | |  1.4

Action                     |  1- 3 |  4- 6 || total
---------------------------+-------+-------++-------
  Melee: Unarmed           |     6 |       ||     6
         Headbutt          |     3 |       ||     3
         Dagger            |     4 |     1 ||     5
   Fire: Sling             |    14 |     4 ||    18
   Cast: Shock             |    65 |     4 ||    69
 Armour: Robe              |     6 |     9 ||    15
  Dodge: Dodged            |     7 |     2 ||     9

Table legend: (Time is in decaauts)
 A = Elapsed time spent in this place.
 B = Non-inter-level travel time spent in this place.
 C = Inter-level travel time spent in this place.
 D = Time resting spent in this place.
 E = Time spent auto-exploring this place.
 F = Levels seen in this place.
 G = Mean time per level.
                   A        B        C        D        E       F      G
               +--------+--------+--------+--------+--------+-----+--------+
         Total |   2569 |   2532 |     37 |    542 |   1507 |   4 |  642.2 |
       Dungeon |   2569 |   2532 |     37 |    542 |   1507 |   4 |  642.2 |
               +--------+--------+--------+--------+--------+-----+--------+

Top non-repeatable levels by time:
     D:2: 1105 daAuts
     D:1: 725 daAuts
     D:3: 710 daAuts
     D:4: 28 daAuts
